Map: Dusk Towers

Players

llllllllllll

  • Race: Zerg Zerg
  • League: Grandmaster

State - Winner!

  • Race: Protoss Protoss
  • League: Grandmaster

VOD

Have the link to the VOD?

Description

Time

  • Played on: Jan. 26, 2016, 3:13 p.m.
  • Length: 10:02
Show
View Real Time Build Order
Export as new Build Order

llllllllllll Zerg 

Build Orders: 3 Hatch before Pool 

Get SALT Encoding   

  12  0:01  Drone  
  13  0:12  Overlord  
  13  0:17  Drone  
  14  0:32  Drone x2  
  14  0:35  Drone  
  17  0:53  Hatchery  
  17  0:54  Drone  
  17  0:57  Drone  
  18  1:06  Drone  
  19  1:21  Hatchery  
  18  1:33  Spawning Pool  
  18  1:36  Extractor  
  18  1:37  Drone  
  17  1:41  Drone  
  17  1:44  Drone  
  19  1:50  Drone  
  20  2:00  Drone  
  21  2:05  Drone  
  22  2:10  Overlord  
  22  2:20  Queen x2  
  22  2:22  Zergling x2  
  27  2:24  Drone  
  27  2:29  Drone  
  29  2:33  Drone x2  
  31  2:37  Drone  
  31  2:41  Metabolic Boost  
  32  2:46  Overlord  
  32  2:53  Queen  
  34  2:58  Overlord  
  34  3:06  Drone x4  
  34  3:10  Drone  
  39  3:13  Pneumatized Carapace  
  39  3:15  Drone  
  40  3:21  Overlord  
  40  3:22  Drone  
  40  3:23  Drone  
  40  3:25  Drone  
  43  3:28  Zergling x2  
  43  3:30  Zergling x4  
  43  3:33  Zergling x2  
  47  3:35  Drone  
  47  3:36  Drone  
  47  3:40  Drone x2  
  51  3:43  Drone x2  
  51  3:47  Drone  
  54  3:53  Overlord  
  54  3:54  Drone x2  
  56  3:59  Overlord  
  56  4:02  Drone x2  
  58  4:06  Overlord  
  58  4:08  Overlord  
  58  4:14  Drone  
  59  4:17  Roach Warren, Overlord, Extractor x2  
  59  4:18  Baneling Nest  
  59  4:19  Spore Crawler  
  59  4:21  Spore Crawler  
  53  4:26  Spore Crawler  
  53  4:28  Drone x3  
  53  4:30  Drone x2  
  58  4:31  Drone  
  58  4:36  Drone  
  58  4:37  Drone  
  58  4:38  Drone  
  61  4:41  Drone x4  
  61  4:42  Drone  
  66  4:47  Zergling x6  
  69  4:54  Zergling x4  
  69  4:57  Overlord  
  69  4:58  Lair  
  71  5:02  Roach x2  
  75  5:08  Roach x4  
  77  5:15  Roach  
  77  5:16  Roach  
  77  5:20  Zergling x10  
  64  5:30  Roach x3  
  65  5:44  Spore Crawler x2  
  65  5:45  Drone x2  
  60  5:50  Drone x4  
  60  5:51  Drone  
  60  5:53  Drone  
  66  5:58  Overlord, Overseer  
  66  6:02  Queen  
  66  6:06  Extractor x2  
  66  6:08  Overlord  
  66  6:09  Roach  
  66  6:21  Overlord  
  66  6:25  Hatchery, Roach x2  
  71  6:32  Roach  
  71  6:35  Overlord  
  71  6:36  Drone x3  
  74  6:43  Drone  
  74  6:46  Ravager  
  74  6:47  Ravager x2  
  78  6:49  Ravager  
  78  6:50  Zergling x4  
  81  6:57  Drone  
  81  6:59  Overlord  
  82  7:04  Drone  
  83  7:09  Overlord  
  83  7:12  Drone x2  
  83  7:14  Hatchery  
  83  7:19  Drone  
  84  7:23  Drone x2  
  84  7:25  Drone x4  
  84  7:26  Evolution Chamber  
  84  7:29  Drone  
  90  7:30  Extractor  
  90  7:32  Drone  
  90  7:37  Queen  
  90  7:38  Drone x2  
  94  7:44  Hydralisk Den  
  94  7:46  Drone x2  
  94  7:48  Drone  
  96  7:53  Overlord  
  96  7:56  Drone x3  
  99  7:59  Zerg Missile Weapons Level 1  
  99  8:08  Drone x5  
  99  8:12  Roach  
  106  8:18  Roach  
  108  8:21  Roach x2  
  108  8:23  Lurker Den  
  108  8:25  Roach  
  114  8:28  Roach  
  114  8:29  Roach  
  114  8:32  Roach x2  
  114  8:33  Roach x2  
  126  8:37  Roach  
  126  8:38  Roach x3  
  120  8:50  Roach x4  
  120  8:54  Ravager x2  
  102  9:01  Roach x7  
  94  9:08  Roach x2  
  84  9:17  Roach x3  
  80  9:28  Roach x4  
  79  9:36  Roach x2  
  81  9:42  Roach x2  
Show
View Real Time Build Order
Export as new Build Order

State Protoss - Winner!

Build Orders: 1 Gate Expand, Dark Templar Rush 

Get SALT Encoding   

  12  0:01  Probe (Chrono Boost)  
  13  0:11  Probe (Chrono Boost)  
  14  0:18  Pylon  
  14  0:22  Probe (Chrono Boost)  
  15  0:36  Probe (Chrono Boost)  
  15  0:41  Gateway  
  16  0:46  Assimilator  
  16  0:47  Probe (Chrono Boost)  
  17  0:57  Probe (Chrono Boost)  
  18  1:08  Probe (Chrono Boost)  
  19  1:19  Nexus  
  19  1:22  Probe (Chrono Boost)  
  20  1:32  Cybernetics Core  
  20  1:35  Probe (Chrono Boost)  
  21  1:40  Assimilator  
  21  1:46  Probe (Chrono Boost)  
  22  1:52  Pylon  
  22  1:56  Probe (Chrono Boost)  
  23  2:10  Stalker (Chrono Boost), Probe, Warp Gate  
  26  2:23  Probe  
  27  2:31  Probe (Chrono Boost)  
  27  2:35  Probe (Chrono Boost)  
  29  2:38  Adept (Chrono Boost)  
  29  2:43  Probe (Chrono Boost)  
  32  2:45  Robotics Facility  
  32  2:46  Probe (Chrono Boost)  
  32  2:54  Probe (Chrono Boost)  
  32  2:55  Twilight Council  
  32  2:57  Probe (Chrono Boost)  
  34  3:04  Probe (Chrono Boost)  
  35  3:08  Probe (Chrono Boost)  
  36  3:15  Probe (Chrono Boost)  
  36  3:18  Probe (Chrono Boost)  
  38  3:25  Probe (Chrono Boost)  
  39  3:27  Warp Prism (Chrono Boost)  
  39  3:28  Probe (Chrono Boost)  
  39  3:33  Resonating Glaives (Chrono Boost)  
  42  3:34  Dark Shrine  
  42  3:36  Gateway  
  42  3:43  Gateway  
  42  3:47  Gateway  
  42  3:50  Probe x2  
  44  3:55  Assimilator  
  44  3:57  Assimilator  
  44  4:03  Pylon  
  44  4:04  Probe (Chrono Boost)  
  44  4:05  Probe (Chrono Boost)  
  46  4:13  Pylon  
  46  4:14  Pylon  
  46  4:21  Probe (Chrono Boost)  
  46  4:22  Probe (Chrono Boost)  
  48  4:31  Probe  
  48  4:32  Probe  
  48  4:36  Immortal (Chrono Boost)  
  54  4:43  Adept x2  
  54  4:44  Adept x2  
  54  4:45  Probe  
  62  4:46  Probe  
  62  4:49  Pylon  
  64  5:08  Dark Templar x3  
  64  5:09  Dark Templar  
  72  5:20  Probe x2  
  71  5:33  Immortal (Chrono Boost)  
  75  5:37  Probe x2  
  75  5:45  Charge  
  75  5:46  Adept  
  71  5:52  Nexus  
  71  5:53  Pylon  
  71  5:56  Forge  
  67  5:57  Forge  
  67  6:09  Immortal (Chrono Boost)  
  71  6:17  Probe x2  
  67  6:22  Gateway  
  67  6:23  Sentry x3, Gateway  
  73  6:27  Pylon  
  73  6:29  Pylon  
  73  6:31  Probe x2, Pylon  
  75  6:37  Protoss Ground Weapons Level 1 (Chrono Boost)  
  75  6:39  Protoss Shields Level 1 (Chrono Boost)  
  75  6:43  Probe  
  75  6:44  Mothership Core  
  78  6:54  Warp Prism  
  78  6:55  Probe  
  81  7:03  Probe  
  81  7:05  Probe  
  81  7:08  Probe  
  84  7:11  Zealot x3  
  90  7:17  Probe  
  90  7:20  Probe, Zealot  
  90  7:21  Zealot  
  96  7:24  Zealot  
  98  7:30  Gateway  
  98  7:32  Gateway  
  98  7:33  Gateway x2  
  98  7:38  Probe  
  98  7:39  Templar Archives  
  98  7:40  Probe  
  100  7:46  Zealot x4  
  108  7:58  Dark Templar x2  
  112  8:08  Pylon  
  112  8:09  Dark Templar, Pylon  
  112  8:10  Dark Templar x3  
  120  8:12  Archon  
  120  8:13  Archon  
  120  8:14  Archon  
  120  8:17  Pylon  
  120  8:18  Probe, Assimilator  
  120  8:19  Probe  
  122  8:23  Assimilator  
  123  8:27  Probe, Observer  
  124  8:36  Zealot x4  
  124  8:40  Zealot x5  
  124  8:41  Zealot x3  
  136  8:47  Warp Prism  
  120  8:59  Zealot x3  
  120  9:00  Zealot  
  102  9:22  Zealot x6  
  102  9:23  Zealot x4  
  116  9:45  Probe x2  
  114  9:53  Zealot x5  
Tags
 
Add a new tag
Caveats
  • Supply blocks, unpowered buildings, or Contaminate may cause inaccurate times.
  • Supply counts are checked every 10 seconds.